 Dungeon Crawl Stone Soup version 0.18.1-5-g4a78601 (webtiles) character file.

1864 zxpr0jk the Cleaver (level 8, -6/75 HPs)
             Began as a Minotaur Fighter on May 11, 2016.
             Was an Initiate of Cheibriados.
             Killed by divine providence
             ... invoked by an orc priest
              (15 damage)
             ... on level 7 of the Dungeon.
             The game lasted 00:09:13 (4423 turns).

zxpr0jk the Cleaver (Minotaur Fighter)              Turns: 4423, Time: 00:09:14

Health: -6/75      AC: 11    Str: 23    XL:     8   Next: 90%
Magic:  7/7        EV:  7    Int:  6    God:    Cheibriados [......]
Gold:   282        SH:  9    Dex: 12    Spells: 0 memorised, 7 levels left

rFire  . . .     SeeInvis .     a - +0 war axe
rCold  . . .     Gourm    .     e - +0 chain mail (curse)
rNeg   . . .     Faith    .     c - +0 shield
rPois  .         Spirit   .     k - +0 hat
rElec  .         Dismiss  .     y - +0 cloak
rCorr  .         Reflect  .     (no gloves)
SustAt .         Harm     .     (no boots)
MR     .....                    (no amulet)
Stlth  ..........               (no ring)
                                (no ring)

@: drained, very slow, not resistant to hostile enchantments, extremely
unstealthy
A: retaliatory headbutt, horns 2
a: Bend Time, Renounce Religion


You were on level 7 of the Dungeon.
You worshipped Cheibriados.
Cheibriados was noncommittal.
You were hungry.

You visited 2 branches of the dungeon, and saw 8 of its levels.

You collected 282 gold pieces.

Inventory:

Hand Weapons
 a - a +0 war axe (weapon)
Armour
 c - a +0 shield (worn)
 e - a cursed +0 chain mail (worn)
 k - a +0 hat (worn)
 y - a +0 cloak (worn)
Jewellery
 t - a cursed -3 ring of dexterity {unknown}
Wands
 v - a wand of slowing (20/48)
 D - a wand of lightning (8/15)
Scrolls
 d - a scroll of immolation {unknown}
 g - 2 scrolls of teleportation {unknown}
 h - 2 scrolls of recharging {unknown}
 i - 3 scrolls of magic mapping {unknown}
 m - 4 scrolls of remove curse {unknown}
 n - 6 scrolls of identify {unknown}
 o - 2 scrolls of enchant weapon {unknown}
 q - 3 scrolls of noise {unknown}
 s - a scroll of enchant armour {unknown}
 u - 2 scrolls of amnesia {unknown}
Potions
 b - a potion of cancellation {unknown}
 p - a potion of magic {unknown}
 r - a potion of mutation {unknown}
 w - 2 potions of flight {unknown}
 x - 2 potions of cure mutation {unknown}
 z - 2 potions of lignification {unknown}
 B - 2 potions of heal wounds {unknown}
Books
 A - a Necronomicon

   Spells                             Type                      Level
   a - Haunt                          Necromancy/Summoning         7
   b - Borgnjor's Revivification      Necromancy                   8
   c - Death's Door                   Charms/Necromancy            8
   d - Necromutation                  Transmutation/Necromancy     8
 C - a Fen Folio

   Spells                             Type                      Level
   a - Corpse Rot                     Necromancy                   2
   b - Stone Arrow                    Conjuration/Earth            3
   c - Leda's Liquefaction            Hexes/Earth                  4
   d - Summon Forest                  Summoning/Translocation      5
   e - Hydra Form                     Transmutation                6
   f - Summon Hydra                   Summoning                    7
Comestibles
 f - 4 bread rations
 j - 3 meat rations
 E - 7 fruits


   Skills:
 + Level 8.4(8.3) Fighting
 - Level 10.0(9.8) Axes
 * Level 6.1 Armour
 + Level 3.1(3.0) Dodging
 - Level 3.6(3.5) Shields


You had 7 spell levels left.
You didn't know any spells.

Dungeon Overview and Level Annotations

Branches:
Dungeon (7/15)             Temple (1/1) D:5

Altars:
Ashenzari
Cheibriados
Dithmenos
Elyvilon
Fedhas
Gozag
Kikubaaqudgha
Makhleb
Nemelex Xobeh
Okawaru
Pakellas
Qazlal
Ru
Sif Muna
Trog
Vehumet
Xom
Yredelemnul
Zin
The Shining One


Innate Abilities, Weirdness & Mutations

You reflexively headbutt those who attack you in melee.
You have a pair of horns on your head.


Message History

You completely miss the wight. You headbutt the wight.
You destroy the wight!
Cheibriados appreciates the change of pace.
Unknown command.
You slash the orc priest!
The orc priest is almost dead.
You block the orc priest's attack.
You closely miss the orc priest. Your headbutt misses the orc priest.
The orc priest is almost dead.
The orc priest calls down the wrath of Beogh upon you.
Beogh smites you!
* * * LOW HITPOINT WARNING * * *
The orc priest mumbles some strange prayers to Beogh against you.
Beogh smites you!
* * * LOW HITPOINT WARNING * * *
You completely miss the orc priest.
The orc priest is almost dead.
The orc priest calls down the wrath of Beogh upon you.
Beogh smites you!
You die...

#...#....p.p..#.#
#...####.######.#
####...####p# #.#
#......p....# #..
.###..)########
##.
#.'...'.......
#.#...########
#(#...# #@#####
#o)...# ......#
.?......#
#........#
#........#
#.......(..
#........##


You could see an orc priest.

Vanquished Creatures
  Pikel (D:7)
  Menkaure (D:4)
  Duvessa (D:6)
  An ogre (D:5)
  2 giant frogs (D:6)
  Dowan (D:6)
  4 wights (D:7)
  2 centaur zombies (D:5)
  A crimson imp (D:6)
  A giant frog zombie (D:5)
  A quasit (D:6)
  2 orc priests (D:4)
  A hound (D:6)
  2 giant frog skeletons
  A gnoll shaman (D:4)
  A centaur skeleton (D:5)
  Natasha (twice) (D:3)
  3 worker ants
  2 killer bee zombies
  A hound zombie (D:5)
  A hound skeleton (D:6)
  4 gnolls (D:4)
  5 adders
  2 shadow imps (D:6)
  An ooze (D:6)
  An adder zombie (D:6)
  An adder skeleton (D:5)
  4 worms
  A giant gecko (D:5)
  10 orcs
  3 ball pythons
  2 giant cockroaches (D:2)
  8 goblins
  7 hobgoblins
  6 jackals (D:6)
  2 quokkas
  8 bats
  2 giant cockroach zombies (D:5)
  7 giant newts
  A jackal skeleton (D:4)
  A jackal zombie (D:6)
  8 kobolds
  7 rats
123 creatures vanquished.

Notes
Turn   | Place    | Note
--------------------------------------------------------------
     0 | D:1      | zxpr0jk the Minotaur Fighter began the quest for the Orb.
     0 | D:1      | Reached XP level 1. HP: 19/19 MP: 0/0
   205 | D:1      | Reached XP level 2. HP: 25/27 MP: 1/1
   245 | D:1      | Reached skill level 3 in Axes
   729 | D:2      | Reached XP level 3. HP: 27/33 MP: 2/2
   982 | D:2      | Reached skill level 4 in Axes
  1618 | D:3      | Reached XP level 4. HP: 37/41 MP: 3/3
  1637 | D:3      | Noticed Natasha
  1644 | D:3      | Killed Natasha
  1669 | D:3      | Noticed Natasha
  1677 | D:3      | Killed Natasha
  1677 | D:3      | Reached skill level 5 in Axes
  1868 | D:3      | Reached XP level 5. HP: 38/47 MP: 4/4
  1995 | D:4      | Noticed Menkaure
  2003 | D:4      | Killed Menkaure
  2003 | D:4      | Reached skill level 5 in Fighting
  2003 | D:4      | Reached skill level 6 in Axes
  2043 | D:4      | Reached XP level 6. HP: 22/56 MP: 5/5
  2087 | D:4      | Reached skill level 7 in Axes
  2467 | D:4      | Found an oddly glowing altar of Pakellas.
  2740 | D:5      | Entered Level 5 of the Dungeon
  2750 | D:5      | Reached XP level 7. HP: 15/63 MP: 6/6
  2978 | D:5      | Found a deep blue altar of Sif Muna.
  2999 | D:5      | Found a glowing golden altar of the Shining One.
  3010 | D:5      | Reached skill level 8 in Axes
  3151 | D:5      | Found a blossoming altar of Fedhas.
  3226 | D:5      | Found a staircase to the Ecumenical Temple.
  3232 | Temple   | Entered the Ecumenical Temple
  3514 | D:6      | Noticed Duvessa
  3516 | D:6      | Noticed Dowan
  3521 | D:6      | Killed Duvessa
  3521 | D:6      | Reached skill level 9 in Axes
  3524 | D:6      | Killed Dowan
  3565 | D:6      | Reached XP level 8. HP: 73/73 MP: 7/7
  3973 | D:6      | Reached skill level 10 in Axes
  4132 | D:6      | Found a bloodstained altar of Trog.
  4137 | D:6      | Found a snail-covered altar of Cheibriados.
  4142 | D:6      | Found a burning altar of Makhleb.
  4146 | D:6      | Became a worshipper of Cheibriados the Contemplative
  4375 | D:7      | Noticed Pikel
  4386 | D:7      | Killed Pikel
  4386 | D:7      | Reached skill level 5 in Armour
  4423 | D:7      | Killed from afar by an orc priest

Skill      XL: |  1  2  3  4  5  6  7  8 |
---------------+-------------------------+-----
Axes           | 3 4 5 6 7 9 10 | 10.0
Fighting       | 4 5 6 7 8 |  8.4
Armour         | 6 |  6.1
Dodging        | 3 |  3.1
Shields        | |  3.6

Action                   |  1- 3 |  4- 6 |  7- 9 || total
-------------------------+-------+-------+-------++-------
Melee: War axe           |   131 |   102 |   175 ||   408
       Headbutt          |    23 |    13 |    26 ||    62
  Use: Potion            |       |     3 |     1 ||     4
  Eat: Chunk             |     2 |     4 |     4 ||    10
       Beef jerky        |       |       |     1 ||     1
Armor: Chain mail        |    67 |    49 |   120 ||   236
       Scale mail        |     1 |       |       ||     1
Dodge: Dodged            |    22 |    16 |    38 ||    76
Block: Shield            |    67 |    55 |   101 ||   223
